 Dungeon Crawl Stone Soup version 0.20.1-1-g8b1a95d (webtiles) character file.

3448 homeworkjunkie the Cleaver (level 10, -9/84 HPs)
             Began as a Hill Orc Fighter on Nov 16, 2017.
             Was an Elder of Okawaru.
             Mangled by Duvessa
             ... wielding a +0 rapier
              (11 damage)
             ... on level 7 of the Dungeon.
             The game lasted 00:14:45 (6595 turns).

homeworkjunkie the Cleaver (Hill Orc Fighter)       Turns: 6595, Time: 00:14:46

Health: -9/84      AC:  8    Str: 22    XL:     10   Next: 6%
Magic:  21/21      EV:  7    Int:  8    God:    Okawaru [****..]
Gold:   281        SH: 11    Dex: 11    Spells: 9/9 levels left

rFire    . . .     SeeInvis .   o - +5 war axe
rCold    . . .     Gourm    .   c - +0 shield
rNeg     . . .     Faith    .   j - +0 chain mail
rPois    +         Spirit   .   (no helmet)
rElec    .         Reflect  .   (no cloak)
rCorr    .         Harm     .   (no gloves)
MR       .....                  m - +0 pair of boots
Stlth    ..........             (no amulet)
Regen    0.3/turn               e - ring of poison resistance
MPRegen  0.2/turn               d - ring of magical power

@: no status effects
A: hooves 1, camouflage 1, deformed body, no potion heal 1
a: Heroism, Renounce Religion


You were on level 7 of the Dungeon.
You worshipped Okawaru.
Okawaru was greatly pleased with you.
You were not hungry.

You visited 2 branches of the dungeon, and saw 9 of its levels.

You collected 356 gold pieces.
You spent 75 gold pieces at shops.

Inventory:

Hand Weapons
 o - a +5 war axe (weapon)
 u - a +2 hand axe of electrocution
Missiles
 t - 3 tomahawks (quivered)
Armour
 c - a +0 shield (worn)
 j - a +0 chain mail (worn)
 m - a +0 pair of boots (worn)
Jewellery
 d - a ring of magical power (right hand)
 e - a ring of poison resistance (left hand)
Wands
 w - a wand of flame (43/48)
Scrolls
 l - 4 scrolls of remove curse
 n - a scroll of magic mapping
 p - a scroll of fog
 q - 5 scrolls of teleportation
 s - 2 scrolls of identify
Potions
 b - 2 potions of lignification
 g - a potion of cancellation
 i - 3 potions of brilliance
 k - a potion of curing
Comestibles
 f - 6 bread rations
 h - 3 meat rations


   Skills:
 * Level 6.8 Fighting
 * Level 10.6 Axes
 + Level 0.1 Throwing
 * Level 8.1 Armour
 + Level 0.8 Dodging
 + Level 0.5 Stealth
 * Level 8.3 Shields
 * Level 3.1 Evocations


You had 9 spell levels left.
You didn't know any spells.

Dungeon Overview and Level Annotations

Branches:
Dungeon (8/15)             Temple (1/1) D:5
   Lair: D:8-11

Altars:
Ashenzari
Cheibriados
Dithmenos
Elyvilon
Fedhas
Gozag
Hepliaklqana
Kikubaaqudgha
Makhleb
Nemelex Xobeh
Okawaru
Qazlal
Ru
Sif Muna
Trog
Uskayaw
Vehumet
Xom
Yredelemnul
Zin
The Shining One

Shops:
D:6 *

Annotations:
D:7 Duvessa


Innate Abilities, Weirdness & Mutations

You have large cloven feet.
Your skin changes colour to match your surroundings (Stealth+).
Armour fits poorly on your strangely shaped body.
Potions are less effective at restoring your health.


Message History

You slash Duvessa!
Duvessa is heavily wounded.
Duvessa hits you but does no damage.
You closely miss Duvessa.
Duvessa is heavily wounded.
Duvessa hits you with a rapier.
* * * LOW HITPOINT WARNING * * *
Duvessa hits you with a rapier.
* * * LOW HITPOINT WARNING * * *
You hit Duvessa.
Duvessa is heavily wounded.
You block Duvessa's attack.
You slash Duvessa!
Duvessa is severely wounded.
Duvessa hits you with a rapier!
* * * LOW HITPOINT WARNING * * *
You hit Duvessa.
Duvessa is almost dead.
You block Duvessa's attack. Duvessa hits you with a rapier!
You die...

##...## #...####[...............
##...###....[.#...).............
##...#....#....................
##......###...................
###.##..###..##.......)..#....
####...###..#..###..(.......###..
........##.....##............# ..
.....................##........
##....##.......e@##......#####.
#....####..._...####..####
......##......... ...#
.................. ...#
..####..##.....##..#..#
...##..###..#..# #.#..#
##..#..##..###.. .# ##........#
#. ###..###..


You could see Duvessa (berserk).

Vanquished Creatures
  A two-headed ogre (D:7)
  Pikel (D:7)
  The ghost of supermoro the Skirmisher, a novice DsFi of Gozag (D:6)
  A hippogriff (D:7)
  A necrophage (D:6)
  2 slaves (D:7)
  A black bear (D:6)
  2 ice beasts
  A sky beast (D:6)
  A centaur (D:5)
  2 ogres
  Dowan (D:7)
  A scorpion (D:4)
  5 wights (D:7)
  A howler monkey (D:3)
  A centaur zombie (D:7)
  A crimson imp (D:6)
  2 jellies
  4 hounds
  An orc priest (D:4)
  An iguana (D:7)
  Terence (D:3)
  3 orc wizards
  2 worker ants
  A hound zombie (D:7)
  A howler monkey zombie (D:6)
  A worker ant zombie (D:6)
  11 adders
  A shadow imp (D:4)
  2 oozes
  An adder zombie (D:6)
  3 dart slugs
  3 leopard geckos
  17 orcs
  2 ball pythons (D:3)
  10 bats
  3 giant cockroaches
  4 goblins
  10 hobgoblins
  5 jackals
  A quokka (D:2)
  4 frilled lizards
  7 kobolds
  A leopard gecko skeleton (D:4)
  10 rats
136 creatures vanquished.

Vanquished Creatures (others)
  A slave (D:7)
1 creature vanquished.

Grand Total: 137 creatures vanquished

Notes
Turn   | Place    | Note
-------+----------+-------------------------------------------
     0 | D:1      | homeworkjunkie the Hill Orc Fighter began the quest for the Orb.
     0 | D:1      | Reached XP level 1. HP: 19/19 MP: 1/1
   299 | D:2      | Reached XP level 2. HP: 27/27 MP: 2/2
   355 | D:3      | Reached skill level 3 in Axes
   406 | D:3      | Noticed Terence
   419 | D:3      | Killed Terence
   419 | D:3      | Reached XP level 3. HP: 30/33 MP: 3/3
   461 | D:4      | Noticed an ogre
   549 | D:3      | Reached XP level 4. HP: 40/40 MP: 4/4
   724 | D:2      | Reached skill level 4 in Axes
   734 | D:2      | Found a sparkling altar of Nemelex Xobeh.
   822 | D:3      | Reached XP level 5. HP: 46/46 MP: 5/5
  1244 | D:2      | Reached skill level 5 in Axes
  1316 | D:3      | Found a sparkling altar of Nemelex Xobeh.
  2328 | D:4      | Reached XP level 6. HP: 36/53 MP: 6/6
  2515 | D:5      | Entered Level 5 of the Dungeon
  2521 | D:5      | Found a staircase to the Ecumenical Temple.
  2521 | D:5      | Noticed an ice beast
  2537 | D:5      | Killed an ice beast
  2537 | D:5      | Reached skill level 6 in Axes
  2537 | D:5      | Reached skill level 5 in Shields
  2542 | Temple   | Entered the Ecumenical Temple
  2576 | Temple   | Became a worshipper of Warmaster Okawaru
  3148 | D:4      | Reached XP level 7. HP: 19/60 MP: 7/7
  3698 | D:4      | Gained mutation: You have large cloven feet. [potion of mutation]
  3698 | D:4      | Gained mutation: You have a pair of small antennae on your head. [potion of mutation]
  3698 | D:4      | Lost mutation: You have large cloven feet. [potion of mutation]
  3698 | D:4      | Gained mutation: You have very sharp teeth. [potion of mutation]
  3851 | D:5      | Found Daseocsata's Book Boutique.
  3871 | D:5      | Reached skill level 7 in Axes
  4137 | D:6      | Noticed supermoro's ghost (novice DsFi)
  4437 | D:6      | Found Nexi's General Store.
  4452 | D:6      | Bought a potion of heal wounds for 75 gold pieces
  4658 | D:6      | Killed supermoro's ghost
  4658 | D:6      | Reached * piety under Okawaru
  4658 | D:6      | Reached ** piety under Okawaru
  4658 | D:6      | Reached skill level 5 in Fighting
  4658 | D:6      | Reached skill level 8 in Axes
  4658 | D:6      | Reached skill level 5 in Armour
  4658 | D:6      | Reached skill level 1 in Evocations
  4658 | D:6      | Reached XP level 8. HP: 68/68 MP: 8/8
  5537 | D:6      | Reached skill level 9 in Axes
  5874 | D:7      | Reached *** piety under Okawaru
  5875 | D:7      | Reached XP level 9. HP: 61/74 MP: 10/10
  6127 | D:7      | Noticed Pikel
  6137 | D:7      | Killed Pikel
  6257 | D:7      | Lost mutation: You have a pair of small antennae on your head. [potion of mutation]
  6257 | D:7      | Lost mutation: You have very sharp teeth. [potion of mutation]
  6257 | D:7      | Gained mutation: Armour fits poorly on your strangely shaped body. [potion of mutation]
  6257 | D:7      | Gained mutation: Your skin changes colour to match your surroundings (Stealth+). [potion of mutation]
  6257 | D:7      | Gained mutation: Potions are less effective at restoring your health. [potion of mutation]
  6257 | D:7      | Gained mutation: You have large cloven feet. [potion of mutation]
  6314 | D:7      | Found a shadowy altar of Dithmenos.
  6354 | D:7      | Noticed Dowan
  6361 | D:7      | Killed Dowan
  6479 | D:7      | Noticed a two-headed ogre
  6488 | D:7      | Killed a two-headed ogre
  6488 | D:7      | Reached **** piety under Okawaru
  6488 | D:7      | Reached skill level 10 in Axes
  6488 | D:7      | Reached XP level 10. HP: 11/84 MP: 12/12
  6580 | D:7      | Noticed Duvessa
  6594 | D:7      | HP: 2/84 [Duvessa/rapier (14)]
  6595 | D:7      | Mangled by Duvessa

Skill      XL: |  1  2  3  4  5  6  7  8  9 10 |
---------------+-------------------------------+-----
Axes           | 3 4 5 6 8 9 10 | 10.6
Fighting       | 4 5 6 |  6.8
Shields        | 4 5 6 7 8 |  8.3
Armour         | 4 5 6 7 8 |  8.1
Evocations     | 1 3 |  3.1
Throwing       | |  0.1
Dodging        | |  0.8
Stealth        | |  0.5

Action                   |  1- 3 |  4- 6 |  7- 9 | 10-12 || total
-------------------------+-------+-------+-------+-------++-------
Melee: War axe           |    75 |   156 |    36 |    11 ||   278
       Hand axe          |       |       |   166 |       ||   166
       Bite              |       |       |    13 |       ||    13
Throw: Tomahawk          |       |       |     1 |       ||     1
Evoke: Wand              |       |       |    17 |       ||    17
  Use: Potion            |     1 |       |     5 |     1 ||     7
       Scroll            |       |    10 |     9 |       ||    19
  Eat: Royal jelly       |       |     1 |     2 |       ||     3
       Meat ration       |       |     1 |       |       ||     1
       Fruit             |       |       |    10 |       ||    10
Armor: Scale mail        |    45 |    15 |       |       ||    60
       Chain mail        |       |    72 |    60 |     8 ||   140
       Skin              |       |       |     5 |       ||     5
Dodge: Dodged            |    21 |    30 |    38 |     5 ||    94
Block: Shield            |    58 |    86 |    83 |    11 ||   238
